 Seeded DCSS version 0.29.1-15-g9cfb28693d (webtiles) character file.

Game seed: 1 (custom seed)

44 Kazon the Shooter (level 4, 0/26 (36) HPs)
             Began as a Meteoran Hunter on Feb 27, 2023.
             Succumbed to a kobold's poison
             ... on level 2 of the Dungeon on Feb 28, 2023.
             The game lasted 00:05:27 (845 turns).

Kazon the Shooter (Meteoran Hunter)                  Turns: 845, Time: 00:05:28

HP:   0/26 (36)     AC:  7    Str: 14    XL:     4   Next: 8%
MP:   5/5           EV: 12    Int: 19    God:
Gold: 151           SH:  0    Dex: 13    Spells: 3/3 levels left

rFire   . . .      SeeInvis .   d - +4 war axe of Uskayaw, Destroying {drain, Int+8 Dex-4 Stlth+}
rCold   . . .      Faith    .   (no shield)
rNeg    . . .      Spirit   .   c - +0 leather armour
rPois   .          Reflect  .   j - +0 helmet
rElec   .          Harm     .   (no cloak)
rCorr   .          Rampage  .   (no gloves)
Will    .....                   k - +2 pair of boots
Stlth   +.........              e - amulet of the acrobat
HPRegen 0.08/turn               (no ring)
MPRegen 0.09/turn               (no ring)

@: lethally poisoned (0 -> -23), glowing, very heavily drained
A: sense surroundings 1, otherworldly, glowing, explore regen
a: no special abilities


You were on level 2 of the Dungeon.
You visited 1 branch of the dungeon, and saw 2 of its levels.

You collected 151 gold pieces.

Inventory:

Hand Weapons
 a - a +0 shortbow
 d - the +4 war axe of Uskayaw, Destroying (weapon) {drain, Int+8 Dex-4 Stlth+}
   (You acquired it on level 1 of the Dungeon)

   A truly terrible weapon, it drains the life of any living foe it strikes.
   Int:       It affects your intelligence (+8).
   Dex:       It affects your dexterity (-4).
   Stlth:     It makes you more stealthy.
Armour
 c - a +0 leather armour (worn)
 j - a +0 helmet (worn)
 k - a +2 pair of boots (worn)
Jewellery
 e - an amulet of the acrobat (around neck)
Scrolls
 i - a scroll of identify {unknown}
 l - 2 scrolls of immolation
Potions
 b - a potion of berserk rage {unknown}
 f - a potion of haste {unknown}
 g - a potion of flight {unknown}
 h - a potion of attraction {unknown}


   Skills:
 + Level 2.2 Fighting
 + Level 1.2 Axes
 + Level 5.2 Ranged Weapons
 + Level 0.6 Armour
 + Level 2.8 Dodging
 + Level 0.6 Stealth


You had 3 spell levels left.
You didn't know any spells.
Your spell library contained the following spells:

 Spells                   Type           Power      Damage    Failure   Level
 Sting                    Tmut/Pois      0%         1d3       26%         1
 Poisonous Vapours        Pois/Air       0%         N/A       36%         2
 Olgreb's Toxic Radiance  Pois           0%         N/A       95%         4


Dungeon Overview and Level Annotations

Branches:
Dungeon (2/15) Zot: 528

Altars:


Innate Abilities, Weirdness & Mutations

You passively map a small area around you.
You are easily found by Zot.
You glow in the dark.
You regain HP and MP as you explore.


Message History

Found a chain mail.
A goblin comes into view. It is wielding a +0 club.
The goblin shouts!
The goblin completely misses you.
There is an escape hatch in the floor here.
You slash the goblin!
You kill the goblin!
Things that are here:
a +0 club; a goblin corpse
There is an escape hatch in the floor here.
Found a Young Poisoner's Handbook.
You now have 151 gold pieces (gained 13).
A kobold and a hobgoblin come into view.
The kobold is wielding a +2 dagger of venom.
The kobold shouts!
The hobgoblin shouts!
You see here a Young Poisoner's Handbook.
You see here a Young Poisoner's Handbook.
You pick up a Young Poisoner's Handbook and begin reading...
You add the spells Sting, Poisonous Vapours and Olgreb's Toxic Radiance to your library.
You hit the hobgoblin.
You kill the hobgoblin!
The kobold hits you with a +2 dagger of venom.
You are poisoned.
You miss the kobold.
You feel very sick. The kobold hits you but does no damage.
You are more poisoned.
You miss the kobold.
You feel very sick. The kobold hits you but does no damage.
You are lethally poisoned!
The kobold closely misses you.
You barely miss the kobold.
You feel very sick.
The kobold hits you with a +2 dagger of venom.
* * * LOW HITPOINT WARNING * * *
You are more poisoned.
You closely miss the kobold.
You die...

########
....)..###########
######..........@#
#.>########K#
#..)...# #.#
##.###.# #.# #.# *
* #.# #[#* , #.#
#.. * #.# #.# #.#
#.# #.#


You could see a kobold.

Vanquished Creatures
  An adder (D:2)
  A worm (D:2)
  6 endoplasms
  A giant cockroach (D:1)
  6 goblins
  4 hobgoblins
  A kobold (D:1)
  A quokka (D:1)
  A ball python (D:2)
  2 bats
  A frilled lizard (D:2)
  3 rats (D:1)
28 creatures vanquished.

Notes
Turn   | Place    | Note
-------+----------+-------------------------------------------
     0 | D:1      | Kazon the Meteoran Hunter began the quest for the Orb.
     0 | D:1      | Reached XP level 1. HP: 17/17 MP: 2/2
    33 | D:1      | Identified a scroll of acquirement
    33 | D:1      | Acquired the +4 war axe of Uskayaw, Destroying {drain,
                  | Int+8 Dex-4 Stlth+}
    97 | D:1      | Reached XP level 2. HP: 22/24 MP: 3/3
   214 | D:1      | Reached skill level 5 in Ranged Weapons
   218 | D:1      | Reached XP level 3. HP: 29/29 MP: 4/4
   483 | D:1      | Glimpsed the power of Zot.
   533 | D:1      | Glimpsed the power of Zot.
   573 | D:1      | Glimpsed the power of Zot.
   583 | D:1      | Touched by the power of Zot.
   754 | D:2      | Reached skill level 1 in Axes
   821 | D:2      | Reached XP level 4. HP: 26/26 MP: 5/5
   845 | D:2      | Succumbed to a kobold's poison

Illustrated notes

Levels and vault maps discovered:
D:1:      dpeg_arrival_three_smaller_balls, layout_basic
D:2:      layout_loops_ring

Skill      XL: |  1  2  3 |
---------------+----------+-----
Ranged Weapons | 5 |  5.2
Axes           | 1 |  1.2
Fighting       | |  2.2
Armour         | |  0.6
Dodging        | |  2.8
Stealth        | |  0.6

Action                   |  1- 3 |  4- 6 || total
-------------------------+-------+-------++-------
Melee: War axe           |    52 |     6 ||    58
  Use: Scroll            |     1 |       ||     1
 Stab: Sleeping          |     1 |       ||     1
Armor: Leather armour    |    23 |     2 ||    25
Dodge: Dodged            |    40 |     2 ||    42
